AoeStats
← micofilo

Arena

510904016Analyzed
1v1 RM · 19h ago on Oct 3, 2026· 136m 19s· 2 players
Game mode
Random Map
Map size
Tiny (2 player)
Population
200
Speed
Normal
Resources
Standard
Victory
Conquest
Starting age
Dark Age
Ending age
Imperial Age
RankedLock teamsTeams togetherTeam positionsShared explorationLock speedFull tech treeHidden civsTurbo modeCheats
Victory
Defeat
🇨🇴 Britons · Colombia
668
+16
🇨🇱 Vikings · Chile
673
-16
SummerLotus9561
10:08 Feudal Age
10:37 Double-Bit Axe
10:33 Horse Collar
19:57 Castle Age
18:09 Stone Mining
18:34 Gold Mining
20:49 Bow Saw
20:40 Heavy Plow
24:29 Gold Shaft Mining
29:46 Imperial Age
27:04 Loom
27:14 Town Watch
28:11 Murder Holes
28:27 Fortified Wall
28:21 Padded Archer Armor
29:14 Wheelbarrow
29:28 Town Patrol
29:47 Leather Archer Armor
30:31 Hand Cart
33:18 Two-Man Saw
32:14 Fletching
34:02 Heated Shot
34:45 Ring Archer Armor
34:11 Bodkin Arrow
34:38 Husbandry
34:41 Cavalier
35:09 Arson
35:36 Pikeman
36:46 Squires
36:27 Halberdier
36:53 Gambesons
39:38 Scale Mail Armor
41:52 Warwolf
41:42 Elite Longbowman
42:38 Scale Barding Armor
44:19 Chemistry
43:57 Coinage
44:31 Yeomen
45:05 Chain Barding Armor
44:47 Bracer
45:45 Chain Mail Armor
48:49 Banking
49:55 Plate Barding Armor
52:00 Forging
53:44 Iron Casting
53:40 Plate Mail Armor
53:32 Ballistics
52:53 Treadmill Crane
56:47 Blast Furnace
57:33 Hoardings
59:35 Conscription
61:38 Guilds
61:16 Arrowslits
62:11 Sappers
63:58 Guard Tower
64:20 Masonry
66:18 Architecture
66:24 Keep
65:56 Siege Engineers
66:28 Onager
81:36 Man-at-Arms
96:43 Capped Ram
99:25 Long Swordsman
109:51 Two-Handed Swordsman
115:13 Champion
micofilo
3:06 Loom
11:18 Feudal Age
11:53 Double-Bit Axe
12:01 Gold Mining
11:52 Horse Collar
19:11 Castle Age
17:12 Stone Mining
22:44 Bow Saw
22:38 Heavy Plow
24:54 Treadmill Crane
25:14 Town Watch
25:21 Fletching
26:58 Gold Shaft Mining
26:37 Man-at-Arms
27:19 Squires
27:05 Arson
28:36 Town Patrol
28:34 Bodkin Arrow
29:04 Ballistics
28:21 Elite Skirmisher
28:22 Crossbowman
30:06 Padded Archer Armor
30:07 Scale Mail Armor
30:18 Forging
33:50 Imperial Age
31:38 Leather Archer Armor
35:02 Ring Archer Armor
35:44 Chemistry
34:47 Bracer
35:37 Chain Mail Armor
35:57 Iron Casting
35:15 Capped Ram
36:51 Crop Rotation
37:54 Two-Man Saw
37:24 Conscription
38:09 Plate Mail Armor
40:51 Siege Ram
42:37 Blast Furnace
41:43 Scale Barding Armor
48:06 Siege Engineers
47:58 Murder Holes
48:14 Masonry
50:47 Pikeman
50:48 Elite Varangian Guard
50:49 Long Swordsman
58:32 Bogsveigar
58:34 Chieftains
57:55 Elite Berserk
79:47 Hoardings
Connection lost

Rejoining the realm…

Still unreachable

The connection could not be restored.

Session expired

The server has moved on; the page needs a fresh start.